 Dungeon Crawl Stone Soup version 0.30-a0-1103-g25895a7845 (webtiles) character file.

Game seed: 10205904171132967951

8895 jasper the Basher (level 11, -2/109 HPs)
             Began as a Troll Berserker on Apr 18, 2023.
             Was a High Priest of Trog.
             Slain by a catoblepas (20 damage)
             ... on level 10 of the Dungeon.
             The game lasted 00:12:59 (9198 turns).

jasper the Basher (Troll Berserker)                 Turns: 9198, Time: 00:13:00

Health: -2/109     AC:  6    Str: 31    XL:     11   Next: 15%
Magic:  10/10      EV: 11    Int:  3    God:    Trog [*****.]
Gold:   606        SH:  0    Dex:  9    Spells: 10/10 levels left

rFire   + . .      SeeInvis .    L - +0 dire flail
rCold   . . .      Faith    .    (shield currently unavailable)
rNeg    . . .      Spirit   .    b - +1 animal skin
rPois   +          Reflect  .    (helmet restricted)
rElec   .          Rampage  .    u - +0 cloak
rCorr   .                        (gloves unavailable)
Will    ++...                    (boots unavailable)
Stlth   +                        h - amulet of the acrobat
HPRegen 2.18/turn                l - ring of protection from fire
MPRegen 0.12/turn                v - ring of poison resistance

@: strong-willed, regenerating
A: large, unfitting armour, claws 3, regeneration 1, shaggy fur 1, tough skin 1
a: Renounce Religion, Berserk, Trog's Hand, Brothers in Arms


You were on level 10 of the Dungeon.
You worshipped Trog.
Trog was extremely pleased with you.
You visited 1 branch of the dungeon, and saw 10 of its levels.

You collected 714 gold pieces.
You spent 108 gold pieces at shops.

Inventory:

Hand Weapons
 g - a +0 giant club
 y - a +0 flail of holy wrath
 D - a +2 morningstar
 L - a +0 dire flail (weapon)
Missiles
 c - 56 stones (quivered)
 j - 30 poisoned darts
 F - 3 atropa-tipped darts
 I - 4 large rocks
Armour
 b - a +1 animal skin (worn)
 u - a +0 cloak (worn)
Jewellery
 h - an amulet of the acrobat (around neck)
 l - a ring of protection from fire (left claw)
 r - a ring of see invisible
 v - a ring of poison resistance (right claw)
 w - a +6 ring of strength
 A - an amulet of faith
Wands
 x - a wand of paralysis (21)
Scrolls
 a - a scroll of identify
 e - 4 scrolls of amnesia
 f - 4 scrolls of vulnerability
 i - 2 scrolls of fog
 n - 4 scrolls of teleportation
 o - a scroll of enchant weapon {unknown}
 G - a scroll of enchant armour
 J - a scroll of poison
Potions
 d - 2 potions of attraction
 k - 3 potions of flight
 m - a potion of curing
 p - 2 potions of magic
 q - a potion of might
 s - 4 potions of degeneration
 t - a potion of lignification
 z - a potion of resistance
 B - 2 potions of berserk rage {unknown}
 H - a potion of heal wounds {unknown}
 K - a potion of haste


   Skills:
 + Level 7.4 Fighting
 * Level 11.1 Maces & Flails
 - Level 5.0 Throwing
 + Level 7.4 Dodging


You had 10 spell levels left.
You didn't know any spells.
Your spell library was empty.

Dungeon Overview and Level Annotations

Branches:
Dungeon (10/15)            Temple (0/1) D:6            Lair (0/5) D:9
    Orc (0/2) D:9

Altars:
Cheibriados
Dithmenos
Elyvilon
Fedhas
Gozag
Hepliaklqana
Kikubaaqudgha
Makhleb
Nemelex Xobeh
Trog
Vehumet
Wu Jian
Zin
Jiyva

Shops:
D:2 !([?

Annotations:
D:5 Duvessa
D:8 3 runed translucent doors, AwFulAwFulPlayer's ghost, novice DsCK


Innate Abilities, Weirdness & Mutations

You are too large for most types of armour.
You have claws for hands.
Your natural rate of healing is unusually fast.
You are covered in fur. (AC +1)
You have tough skin. (AC +1)


Message History

Health restored: 109 You sock the catoblepas!
The catoblepas is lightly wounded.
The catoblepas gores you!!
You take 20 damage, and have 89/109 hp.
You hit the catoblepas but do no damage.
The catoblepas is lightly wounded.
You barely miss the catoblepas.
The catoblepas is lightly wounded.
The catoblepas closely misses you.
You hit the catoblepas but do no damage.
The catoblepas is lightly wounded.
The catoblepas barely misses you.
You puncture the catoblepas!
The catoblepas is moderately wounded.
The catoblepas breathes a plume of calcifying dust at you.
The blast of calcifying dust hits you.
You take 1 damage, and have 91/109 hp.
The catoblepas gores you!
You take 15 damage, and have 76/109 hp.
You hit the catoblepas but do no damage.
The catoblepas is moderately wounded.
You sock the catoblepas!
The catoblepas is heavily wounded.
The catoblepas gores you!!
You take 18 damage, and have 59/109 hp.
You hit the catoblepas.
The catoblepas is heavily wounded.
The catoblepas gores you!
You take 15 damage, and have 44/109 hp.
You hit the catoblepas but do no damage.
The catoblepas is heavily wounded.
The catoblepas gores you!!
* * * LOW HITPOINT WARNING * * *
You take 28 damage, and have 16/109 hp.
MASSIVE DAMAGE!!
Okay, then.
Your skin crawls.
You feel strong-willed. The catoblepas gores you!!
You die...

#......##......# #.#.........
#......##......####.#####.####
#......##.............# #.#
#......##......####.#.# #.#
#########.#+#.## #.# #.#
#.#.#.# # #.# # #.#.#####.#.#
#.# #....§....... #.
###@......#. #..Y####### #.#.#
#.#.#######. #..........[
#.#.######## #.#..§.Y...
###########


You could see a catoblepas.

Vanquished Creatures
  A two-headed ogre (D:9)
  Pikel (D:6)
  A cyclops (D:9)
  An elephant (D:9)
  Joseph (D:8)
  A gargoyle (D:10)
  An unseen horror (D:10)
  Grinder (D:3)
  Sigmund (D:2)
  11 yaks
  A basilisk (D:9)
  Eustachio (D:6)
  A steam dragon (D:10)
  An acid dragon (D:7)
  A water moccasin (D:7)
  4 orc warriors
  A black bear (D:9)
  An ice beast (D:6)
  4 sky beasts
  2 ogres
  A phantom (D:6)
  2 kobold brigands (D:8)
  2 gnoll sergeants
  7 scorpions
  8 wights
  An electric eel (D:10)
  6 howler monkeys (D:9)
  6 orc priests
  3 hounds
  2 jellies
  2 sleepcaps
  4 iguanas
  Natasha (twice) (D:3)
  12 orc wizards
  11 adders
  14 gnolls
  2 shadow imps (D:6)
  5 white imps
  2 ufetubi
  4 dart slugs
  A worm (D:3)
  35 orcs
  10 ball pythons
  5 bats
  6 endoplasms
  2 giant cockroaches
  7 goblins
  2 hobgoblins (D:4)
  7 jackals
  16 kobolds
  3 quokkas
  3 frilled lizards
  4 rats
234 creatures vanquished.

Vanquished Creatures (others)
  5 plants (D:3)
5 creatures vanquished.

Grand Total: 239 creatures vanquished

Notes
Turn   | Place    | Note
-------+----------+-------------------------------------------
     0 | D:1      | jasper the Troll Berserker began the quest for the Orb.
     0 | D:1      | Reached XP level 1. HP: 22/22 MP: 0/0
   203 | D:1      | Reached skill level 3 in Maces & Flails
   203 | D:1      | Reached XP level 2. HP: 29/29 MP: 1/1
   582 | D:1      | Found a faded altar of an unknown god.
   663 | D:2      | Noticed Sigmund
   670 | D:2      | Found Ytiuseil's Magic Scroll Emporium.
   852 | D:3      | Reached XP level 3. HP: 32/36 MP: 2/2
   912 | D:3      | Noticed Grinder
   914 | D:3      | Paralysed by Grinder for 4 turns
   924 | D:3      | Killed Grinder
   925 | D:3      | Reached skill level 4 in Maces & Flails
   925 | D:3      | Reached skill level 1 in Throwing
   925 | D:3      | Reached XP level 4. HP: 39/45 MP: 3/3
   925 | D:3      | Reached XP level 5. HP: 46/53 MP: 4/4
  1125 | D:3      | Reached XP level 6. HP: 16/61 MP: 5/5
  1216 | D:3      | Reached ** piety under Trog
  1342 | D:3      | Noticed Natasha
  1349 | D:3      | Killed Natasha
  1613 | D:3      | Noticed Natasha
  1632 | D:3      | Killed Natasha
  1637 | D:3      | Found a white marble altar of Elyvilon.
  2030 | D:2      | Killed Sigmund
  2031 | D:2      | Reached skill level 5 in Maces & Flails
  2078 | D:2      | Found Dojaxt's Antique Armour Shoppe.
  2116 | D:2      | Found Deonneolar's Distillery.
  2125 | D:2      | Bought a potion of curing for 42 gold pieces
  2127 | D:2      | Found Wuilomn's Weapon Emporium.
  2164 | D:2      | Bought a scroll of teleportation for 33 gold pieces
  2164 | D:2      | Bought a scroll of teleportation for 33 gold pieces
  2205 | D:2      | Reached XP level 7. HP: 67/67 MP: 6/6
  2757 | D:4      | Found a glowing silver altar of Zin.
  2942 | D:4      | Reached *** piety under Trog
  2954 | D:4      | Found a blossoming altar of Fedhas.
  2970 | D:4      | Found a shadowy altar of Dithmenos.
  3340 | D:4      | Found a burning altar of Makhleb.
  3531 | D:5      | Entered Level 5 of the Dungeon
  3627 | D:5      | Found a radiant altar of Vehumet.
  4282 | D:5      | Noticed Duvessa
  4401 | D:6      | Reached skill level 6 in Maces & Flails
  4401 | D:6      | Reached XP level 8. HP: 61/78 MP: 7/7
  4419 | D:6      | Found a sparkling altar of Nemelex Xobeh.
  4545 | D:6      | Found a hazy altar of Hepliaklqana.
  4667 | D:6      | Found a snail-covered altar of Cheibriados.
  4732 | D:6      | Found a staircase to the Ecumenical Temple.
  4991 | D:6      | Noticed Eustachio
  5012 | D:6      | Killed Eustachio
  5116 | D:6      | Noticed Pikel
  5123 | D:6      | Killed Pikel
  5124 | D:6      | Reached skill level 5 in Fighting
  5124 | D:6      | Reached skill level 7 in Maces & Flails
  5124 | D:6      | Reached skill level 5 in Dodging
  5217 | D:6      | Reached XP level 9. HP: 69/88 MP: 8/8
  5328 | D:7      | Reached **** piety under Trog
  5471 | D:6      | HP: 4/88 [something (5)]
  5597 | D:7      | Found a bloodstained altar of Trog.
  5820 | D:7      | Reached skill level 8 in Maces & Flails
  5820 | D:7      | Reached skill level 5 in Throwing
  6293 | D:7      | Found an ornate altar of the Wu Jian Council.
  6502 | D:8      | Found an opulent altar of Gozag.
  6556 | D:8      | Found a runed translucent gate.
  6556 | D:8      | Found a runed translucent gate.
  6595 | D:8      | Found a runed translucent gate.
  6596 | D:8      | Noticed AwFulAwFulPlayer's ghost (novice DsCK)
  6828 | D:8      | Reached skill level 9 in Maces & Flails
  6836 | D:8      | Reached XP level 10. HP: 64/98 MP: 9/9
  6912 | D:8      | Noticed Joseph
  6932 | D:8      | Killed Joseph
  7377 | D:8      | Found a viscous altar of Jiyva.
  7591 | D:9      | Reached skill level 10 in Maces & Flails
  7795 | D:9      | Noticed a two-headed ogre
  7805 | D:9      | Killed a two-headed ogre
  7833 | D:9      | Noticed an elephant
  7850 | D:9      | Killed an elephant
  7916 | D:9      | Found a staircase to the Orcish Mines.
  7927 | D:9      | Noticed a cyclops
  7936 | D:9      | Reached ***** piety under Trog
  7947 | D:9      | Killed a cyclops
  8115 | D:9      | Found a staircase to the Lair.
  8202 | D:9      | Reached XP level 11. HP: 104/109 MP: 10/10
  8541 | D:10     | Entered Level 10 of the Dungeon
  8627 | D:10     | Reached skill level 11 in Maces & Flails
  8809 | D:10     | Found an ancient bone altar of Kikubaaqudgha.
  9177 | D:10     | Noticed a catoblepas
  9198 | D:10     | Slain by a catoblepas

Illustrated notes

Levels and vault maps discovered:
D:1:      minmay_arrival_widening_spiral_wide, layout_basic,
          hellmonk_ecumenical_altar_leap_of_faith, corexii_leaking_fountain,
          minmay_stone_trees_small
D:2:      kb_forest_paths, layout_rooms, serial_shops, nicolae_shop_crystal,
          nicolae_shop_industrial_runoff, shop, nicolae_diamond_shop,
          uniq_sigmund
D:3:      layout_loops_corners, nicolae_elyvilon_temple_path, uniq_natasha,
          uniq_grinder
D:4:      layout_basic, mainiacjoe_overflow_alcove_1, overflow_temple_1_default,
          mainiacjoe_overflow_swirl, dreamdust_princess_bridge
D:5:      layout_basic, fiery_altar_vehumet, uniq_duvessa
D:6:      layout_gridville, nicolae_hepliaklqana_hazy_memory,
          kennysheep_slug_shrine, nemelex_dance_club_becter,
          minmay_temple_entry_offerings, uniq_pikel, uniq_eustachio
D:7:      layout_loops_ring, nicolae_wu_jian_glorious_leap, trog_butcher_becter
D:8:      layout_basic, nicolae_gozag_cash_rules_everything_around_me,
          gammafunk_ghost_ooze, uniq_joseph
D:9:      nicolae_cairo_tiling_large, layout_cave_pods, david_lair_generic,
          david_orc_2
D:10:     layout_basic, mainiacjoe_overflow_surrounded_room,
          kennysheep_generic_room_5

Skill      XL: |  1  2  3  4  5  6  7  8  9 10 11 |
---------------+----------------------------------+-----
Maces & Flails | 3 4 5 6 7 9 10 11 | 11.1
Fighting       | 3 4 5 6 7 |  7.4
Throwing       | 1 2 3 4 5 |  5.0
Dodging        | 3 4 5 6 7 |  7.4

Action                     |  1- 3 |  4- 6 |  7- 9 | 10-12 || total
---------------------------+-------+-------+-------+-------++-------
  Melee: Mace              |    85 |    90 |    28 |       ||   203
         Punch             |       |     1 |       |       ||     1
         Whip              |       |       |   163 |       ||   163
         Giant club        |       |       |   194 |       ||   194
         Morningstar       |       |       |    50 |   200 ||   250
         Flail             |       |       |    47 |       ||    47
         Dire flail        |       |       |       |    11 ||    11
  Throw: Stone             |     2 |       |    14 |     3 ||    19
         Boomerang         |       |    24 |    11 |       ||    35
         Dart              |       |       |       |     3 ||     3
 Invoke: Berserk           |     2 |     3 |     6 |     2 ||    13
         Trog's Hand       |       |       |     1 |     2 ||     3
    Use: Potion            |     1 |       |     4 |       ||     5
         Scroll            |     6 |     3 |     7 |     1 ||    17
 Armour: Animal skin       |    31 |    22 |   154 |    43 ||   250
  Dodge: Dodged            |    52 |    57 |   301 |   136 ||   546

Table legend: (Time is in decaauts)
 A = Elapsed time spent in this place.
 B = Non-inter-level travel time spent in this place.
 C = Inter-level travel time spent in this place.
 D = Time resting spent in this place.
 E = Time spent auto-exploring this place.
 F = Levels seen in this place.
 G = Mean time per level.
                   A        B        C        D        E       F      G
               +--------+--------+--------+--------+--------+-----+--------+
         Total |   9368 |   8968 |    400 |    467 |   6342 |  10 |  936.8 |
       Dungeon |   9368 |   8968 |    400 |    467 |   6342 |  10 |  936.8 |
               +--------+--------+--------+--------+--------+-----+--------+

Top non-repeatable levels by time:
     D:3: 1257 daAuts
     D:9: 1137 daAuts
     D:6: 1112 daAuts
     D:7: 1087 daAuts
     D:8: 953 daAuts
     D:4: 863 daAuts
     D:5: 811 daAuts
     D:2: 754 daAuts
     D:1: 740 daAuts
    D:10: 650 daAuts
